 Dungeon Crawl Stone Soup version 0.24-a0-471-g3302cd442e (webtiles) character file.

Game seed: 11210607013053241806

3264 pk666 the Thaumaturge (level 9, -2/45 HPs)
             Began as a Deep Elf Wizard on July 4, 2019.
             Was a Follower of Vehumet.
             Killed from afar by Harold (16 damage)
             ... with a harpoon shot
             ... on level 9 of the Dungeon.
             The game lasted 00:28:27 (12218 turns).

pk666 the Thaumaturge (Deep Elf Wizard)            Turns: 12218, Time: 00:28:27

Health: -2/45      AC:  7    Str:  4    XL:     9   Next: 68%
Magic:  3/25       EV: 13    Int: 27    God:    Vehumet [*.....]
Gold:   424        SH:  0    Dex: 13    Spells: 20/29 levels left

rFire    + . .     SeeInvis .   I - +2 dagger (venom)
rCold    + . .     Gourm    +   (no shield)
rNeg     . . .     Faith    .   H - +2 robe {rC+ rF+}
rPois    .         Spirit   .   b - +0 hat
rElec    .         Reflect  .   o - +0 cloak {MR+}
rCorr    .         Harm     .   r - +0 pair of gloves
MR       +....                  J - +0 pair of boots
Stlth    ++........             m - amulet of the gourmand
HPRegen  0.15/turn              (no ring)
MPRegen  0.19/turn              (no ring)

@: no status effects
A: no striking features
a: Renounce Religion


You were on level 9 of the Dungeon.
You worshipped Vehumet.
Vehumet was aware of your devotion.
You were full.

You visited 2 branches of the dungeon, and saw 10 of its levels.

You collected 424 gold pieces.

Inventory:

Hand Weapons
 I - a +2 dagger of venom (weapon)
Armour
 b - a +0 hat (worn)
 o - a +0 cloak of magic resistance (worn)
 r - a +0 pair of gloves (worn)
 H - a +2 robe of resistance (worn)
 J - a +0 pair of boots (worn)
 L - a +2 robe of magic resistance
Magical Staves
 y - an uncursed staff of poison
Jewellery
 m - an amulet of the gourmand (around neck)
 K - a cursed amulet of inaccuracy {unknown}
Wands
 p - a wand of polymorph (6)
 C - a wand of clouds (3)
 E - a wand of acid (8)
 F - a wand of flame (18)
Scrolls
 c - 2 scrolls of blinking {unknown}
 f - a scroll of enchant armour {unknown}
 i - 2 scrolls of amnesia {unknown}
 j - 4 scrolls of identify {unknown}
 n - 3 scrolls of remove curse {unknown}
 v - 2 scrolls of teleportation {unknown}
 w - a scroll of noise {unknown}
 x - 2 scrolls of enchant weapon {unknown}
 A - a scroll of immolation {unknown}
 D - a scroll of magic mapping {unknown}
Potions
 a - 2 potions of mutation {unknown}
 e - 2 potions of cancellation {unknown}
 g - 2 potions of heal wounds {unknown}
 h - a potion of brilliance {unknown}
 k - 3 potions of flight {unknown}
 l - a potion of magic {unknown}
 q - a potion of resistance {unknown}
 s - 2 potions of agility {unknown}
 t - a potion of curing {unknown}
 u - 2 potions of lignification {unknown}
 z - a potion of berserk rage {unknown}
 B - a potion of haste {unknown}
 G - a potion of might {unknown}
Comestibles
 d - 14 rations


   Skills:
 - Level 3.1 Dodging
 - Level 2.4 Stealth
 + Level 10.6 Spellcasting
 + Level 8.2 Conjurations
   Level 1.1 Summonings
 - Level 3.0 Translocations
 + Level 7.7 Fire Magic
 - Level 2.0 Air Magic
 - Level 3.1 Poison Magic


You had 20 spell levels left.
You knew the following spells:

 Your Spells              Type           Power        Failure   Level  Hunger
a - Magic Dart            Conj           ####         1%          1    None
b - Blink                 Tloc           N/A          1%          2    None
c - Conjure Flame         Conj/Fire      ######..     1%          3    None
d - Mephitic Cloud        Conj/Pois/Air  #####...     1%          3    None

Your spell library contained the following spells:

 Spells                   Type           Power        Failure   Level  Hunger
 Freeze                   Ice            ##..         4%          1    None
 Call Imp                 Summ           ###.....     3%          2    None
 Slow                     Hex            ##......     6%          2    None


Dungeon Overview and Level Annotations

Branches:
Dungeon (9/15)             Temple (1/1) D:6
   Lair: D:8-11         Orc: D:9-12

Altars:
Ashenzari
Cheibriados
Dithmenos
Elyvilon
Fedhas
Gozag
Hepliaklqana
Kikubaaqudgha
Makhleb
Nemelex Xobeh
Okawaru
Qazlal
Ru
Sif Muna
Trog
Uskayaw
Vehumet
Wu Jian
Xom
Yredelemnul
Zin
The Shining One

Annotations:
D:9 Harold


Message History

The wyvern is heavily wounded.
The wyvern is engulfed in blazing flames.
You kill the wyvern!
Vehumet accepts your kill. Vehumet offers you knowledge of Freeze.
Your life force feels restored.
Harold is engulfed in blazing flames.
Harold casts a spell at you. The harpoon shot hits you.
You are yanked forward by the harpoon shot.
Harold casts a spell at you. The harpoon shot hits you!
* * * LOW HITPOINT WARNING * * *
You are yanked forward by the harpoon shot.
Casting: Magic Dart (safe; 1% risk of failure)
Confirm with . or Enter, or press ? or * to list all spells.
You blink.
Harold gestures at you while chanting. The harpoon shot hits you!
You die...

##########+#
#####+##..........#
..........@#####..######
...........# #........
#####.@...# #........
#.....# #...####.
.......# #........
.........# #........
............. ..........
########################


You could see Harold.

Vanquished Creatures
  Maurice (D:8)
  Prince Ribbit (D:7)
  A wyvern (D:9)
  Duvessa (D:6)
  2 orc warriors (D:6)
  An ice beast (D:7)
  2 sky beasts
  A black bear (D:7)
  2 centaurs
  A gnoll sergeant (D:5)
  3 bullfrogs
  2 scorpions (D:5)
  Dowan (D:6)
  5 wights
  A howler monkey (D:4)
  A quasit (D:5)
  2 crimson imps
  4 hounds
  Crazy Yiuf (D:2)
  2 jellies
  3 orc priests
  3 iron imps (D:3)
  11 orc wizards
  Ijyb (D:3)
  3 centaur skeletons
  An iguana (D:7)
  A worker ant (D:7)
  A hound zombie (D:5)
  8 gnolls
  8 adders
  A shadow imp (D:6)
  An ooze (D:1)
  3 worms
  5 leopard geckos
  22 orcs
  7 bats
  6 giant cockroaches
  10 goblins
  4 hobgoblins
  10 jackals
  2 quokkas
  3 ball pythons
  3 frilled lizards
  4 kobolds
  4 rats
160 creatures vanquished.

Notes
Turn   | Place    | Note
-------+----------+-------------------------------------------
     0 | D:1      | pk666 the Deep Elf Wizard began the quest for the Orb.
     0 | D:1      | Reached XP level 1. HP: 10/10 MP: 7/7
   221 | D:1      | Reached XP level 2. HP: 14/15 MP: 3/9
   990 | D:2      | Reached skill level 5 in Spellcasting
   990 | D:2      | Reached XP level 3. HP: 19/19 MP: 8/11
   994 | D:2      | Learned a level 2 spell: Blink
   998 | D:2      | Learned a level 3 spell: Conjure Flame
  1002 | D:2      | Learned a level 3 spell: Mephitic Cloud
  1086 | D:2      | Found a shadowy altar of Dithmenos.
  1991 | D:2      | Reached XP level 4. HP: 22/24 MP: 8/13
  2282 | D:2      | Reached skill level 1 in Poison Magic
  2497 | D:2      | Found a runed translucent door.
  2498 | D:2      | Noticed Crazy Yiuf
  2510 | D:2      | Killed Crazy Yiuf
  2510 | D:2      | Reached skill level 1 in Fire Magic
  2713 | D:3      | Reached skill level 1 in Air Magic
  2715 | D:3      | Reached XP level 5. HP: 28/28 MP: 2/14
  3108 | D:3      | Found a burning altar of Makhleb.
  3784 | D:3      | Noticed Ijyb
  3811 | D:3      | Killed Ijyb
  4032 | D:3      | Found an iron altar of Okawaru.
  4271 | D:3      | Reached XP level 6. HP: 32/32 MP: 8/16
  4949 | D:4      | Reached skill level 6 in Spellcasting
  5224 | D:5      | Entered Level 5 of the Dungeon
  5461 | D:5      | Found a blossoming altar of Fedhas.
  5616 | D:5      | Reached XP level 7. HP: 34/36 MP: 13/18
  6101 | D:5      | Found a stormy altar of Qazlal.
  6416 | D:5      | Reached skill level 7 in Spellcasting
  6498 | D:6      | Noticed Duvessa
  6500 | D:6      | Noticed Dowan
  6693 | D:6      | Found a staircase to the Ecumenical Temple.
  6697 | Temple   | Entered the Ecumenical Temple
  6797 | Temple   | Became a worshipper of Vehumet
  7303 | D:6      | Found a sparkling altar of Nemelex Xobeh.
  7364 | D:6      | Killed Dowan
  7364 | D:6      | Reached skill level 5 in Conjurations
  7705 | D:6      | Killed Duvessa
  7705 | D:6      | Reached XP level 8. HP: 30/41 MP: 2/21
  8061 | D:6      | Reached skill level 8 in Spellcasting
  8061 | D:6      | Reached skill level 5 in Fire Magic
  8367 | D:6      | Found an ornate altar of the Wu Jian Council.
  8919 | D:6      | Noticed an angel
  8925 | D:6      | Found a glowing silver altar of Zin.
  9349 | D:6      | Reached skill level 9 in Spellcasting
  9493 | D:7      | Reached * piety under Vehumet
  9493 | D:7      | Offered knowledge of Sting by Vehumet.
  9685 | D:7      | Reached XP level 9. HP: 34/45 MP: 4/24
 10746 | D:7      | Found a white marble altar of Elyvilon.
 11211 | D:8      | Noticed Maurice
 11273 | D:8      | Noticed Harold
 11299 | D:8      | Killed Maurice
 11299 | D:8      | Reached skill level 10 in Spellcasting
 11590 | D:8      | Found a hazy altar of Hepliaklqana.
 11590 | D:8      | Noticed Prince Ribbit
 11611 | D:7      | Killed Prince Ribbit
 11611 | D:7      | Reached ** piety under Vehumet
 11788 | D:8      | Noticed a two-headed ogre
 12208 | D:9      | Offered knowledge of Freeze by Vehumet.
 12218 | D:9      | Killed from afar by Harold

Levels and vault maps discovered:
D:1:      psy_arrival_dodecagon, layout_loops_ring, minmay_close_crescents
D:2:      layout_basic, grunt_dithmenos_smoke_and_mirrors, corexii_shack,
          amethyst_killhole, roderic_lattice_a, uniq_crazy_yiuf_cottage
D:3:      layout_rooms, lemuel_round_altar, demons_altar, uniq_ijyb
D:4:      layout_basic, first_ration
D:5:      minmay_evil_eye, layout_loops_cross, kennysheep_little_box,
          kennysheep_mini_moat
D:6:      layout_rooms, zin_angel, nemelex_xobeh_ov_fountains_minmay,
          lemuel_doored_altar, minmay_temple_entry_butterflies,
          minmay_fractal_squares_gapless_5, uniq_duvessa
D:7:      layout_gridville, overflow_temple_1_default
D:8:      minmay_goldmine, layout_cave_pools, nicolae_overflow_hidden_temple,
          the_bakery, uniq_prince_ribbit1, uniq_maurice, uniq_harold
D:9:      layout_stronghold, minmay_orc_entry_guard_dogs, serial_undead,
          serial_undead_e, serial_undead_f, serial_undead_f, serial_undead_a,
          enter_bailey_3
Temple:   minmay_temple_forest_path

Skill      XL: |  1  2  3  4  5  6  7  8  9 |
---------------+----------------------------+-----
Dodging        | 3 |  3.1
Conjurations   | 2 3 5 6 8 |  8.2
Spellcasting   | 5 6 7 9 10 | 10.6
Poison Magic   | 1 2 3 |  3.1
Fire Magic     | 1 2 4 6 7 |  7.7
Air Magic      | 1 2 |  2.0
Translocations | 2 3 |  3.0
Stealth        | |  2.4
Summonings     | |  1.1

Action                   |  1- 3 |  4- 6 |  7- 9 || total
-------------------------+-------+-------+-------++-------
Melee: Dagger            |       |    17 |     4 ||    21
       Staff             |       |     1 |    12 ||    13
 Cast: Magic Dart        |    82 |   167 |   433 ||   682
       Mephitic Cloud    |       |     5 |    32 ||    37
       Conjure Flame     |       |     4 |    16 ||    20
       Blink             |       |     1 |     9 ||    10
 Stab: Confused          |       |     2 |     2 ||     4
  Eat: Chunk             |     3 |     7 |    23 ||    33
       Ration            |       |     1 |     1 ||     2
Armor: Robe              |     1 |     6 |    22 ||    29
Dodge: Dodged            |     5 |    25 |    92 ||   122

Table legend:
 A = Non-vault XP
 B = Vault XP
 C = Vault XP percentage of total XP
 D = Non-vault monster count
 E = Vault monster count
 F = Vault count percentage of total count
                 A         B        C        D         E       F
            +---------+---------+-------+---------+---------+-------
      Total |    3092 |    1572 |  33.7 |     139 |      21 |  13.1
            +---------+---------+-------+---------+---------+-------
        D:1 |      30 |       8 |  21.1 |      14 |       5 |  26.3
        D:2 |      72 |      45 |  38.5 |      23 |       2 |   8.0
        D:3 |     108 |     157 |  59.2 |      18 |       4 |  18.2
        D:4 |     185 |       0 |   0.0 |       9 |       0 |   0.0
        D:5 |     592 |      46 |   7.2 |      18 |       1 |   5.3
        D:6 |     769 |     579 |  43.0 |      22 |       7 |  24.1
        D:7 |     951 |     268 |  22.0 |      29 |       1 |   3.3
        D:8 |      87 |     469 |  84.4 |       3 |       1 |  25.0
        D:9 |     295 |       0 |   0.0 |       2 |       0 |   0.0
     Temple |       3 |       0 |   0.0 |       1 |       0 |   0.0
            +---------+---------+-------+---------+---------+-------
